 Dungeon Crawl Stone Soup version 0.21-a0-279-g6037ffb (webtiles) character file.

9376 Lavandula the Basher (level 11, -5/97 HPs)
             Began as a Ghoul Warper on Sept 24, 2017.
             Was a Believer of Ashenzari.
             Slain by Urug
             ... wielding a +7 eveningstar of flaming
              (22 damage)
             ... on level 12 of the Dungeon.
             The game lasted 00:41:05 (6565 turns).

Lavandula the Basher (Ghoul Warper)                 Turns: 6565, Time: 00:41:06

Health: -5/97      AC: 14    Str: 16      XL:     11   Next: 45%
Magic:  0/12       EV: 12    Int: 10 (11) God:    Ashenzari [**....]
Gold:   193        SH:  0    Dex: 10 (11) Spells: 5/13 levels left

rFire    + + .     SeeInvis .   H - +7 great mace "Firestarter" {inner flame, rF++}
rCold    + . .     Gourm    .   (shield currently unavailable)
rNeg     + + +     Faith    .   m - +2 robe {MR+}
rPois    ∞         Spirit   +   (no helmet)
rElec    .         Reflect  .   N - +0 cloak
rCorr    .         Harm     .   t - +2 pair of gloves {Dex+3}
MR       +....                  (no boots)
Stlth    +.........             a - amulet of guardian spirit
HPRegen  0.00/turn              Q - +6 ring of protection
MPRegen  0.13/turn              c - ring of wizardry (curse)

@: shrouded (expiring), very slightly contaminated, rotting
A: rotting body, claws 1, carnivore 3, cold resistance 1, negative energy
resistance 3, inhibited regeneration, torment resistance, unbreathing
a: Curse Item, Scrying, Renounce Religion


You were on level 12 of the Dungeon.
You worshipped Ashenzari.
Ashenzari was pleased with you.
You were not hungry.

You visited 2 branches of the dungeon, and saw 13 of its levels.
You also visited: Labyrinth and Ossuary.

You collected 724 gold pieces.
You spent 531 gold pieces at shops.

Inventory:

Hand Weapons
 y - a +3 whip of electrocution
 G - a +2 flail of draining
 H - the +7 great mace "Firestarter" (weapon) {inner flame, rF++}
   (You took it off an orc on level 10 of the Dungeon)

   It has been specially enchanted to burn those struck by it, causing extra
   injury to most foes and up to half again as much damage against particularly
   susceptible opponents.
   It greatly protects you from fire.
 P - a +5 whip of distortion
Missiles
 r - 4 tomahawks (quivered)
Armour
 m - a +2 robe of magic resistance (worn)
 t - a +2 pair of gloves of dexterity (worn)
 x - a +0 buckler
 L - a +1 robe of the Archmagi
 N - a +0 cloak (worn)
Magical Staves
 p - an uncursed staff of poison
 R - an uncursed staff of cold
Jewellery
 a - an amulet of guardian spirit (around neck)
 c - a cursed ring of wizardry (right hand)
 k - an uncursed ring of protection from magic
 D - an uncursed ring of fire
 Q - a +6 ring of protection (left hand)
Wands
 l - a wand of lightning (8/15)
 o - a wand of flame (15/48)
 v - a wand of iceblast (8/15)
 w - a wand of flame (26/48)
 J - a wand of random effects (9/48)
 K - a wand of random effects (16/48)
Scrolls
 d - a scroll of torment
 e - 3 scrolls of fog
 i - 3 scrolls of recharging
 j - a scroll of random uselessness {unknown}
 s - a scroll of teleportation
 u - a scroll of immolation
 E - a scroll of fear
 O - 2 scrolls of blinking
Potions
 n - 2 potions of flight {unknown}
 q - 2 potions of curing
 z - 2 potions of cancellation
 A - a potion of invisibility {unknown}
 B - 2 potions of might {unknown}
 C - a potion of heal wounds
 M - a potion of brilliance
Books
 b - a book of Spatial Translocations

   Spells                             Type                      Level
   a - Blink                          Translocation                2
   b - Shroud of Golubria             Charms/Translocation         2
   c - Lesser Beckoning               Translocation                3
   d - Gell's Gravitas                Translocation                3
   e - Teleport Other                 Translocation                3
   f - Passage of Golubria            Translocation                4
 g - a book of Misfortune

   Spells                             Type                      Level
   a - Confusing Touch                Hexes                        1
   b - Confuse                        Hexes                        3
   c - Gell's Gravitas                Translocation                3
   d - Petrify                        Transmutation/Earth          4
   e - Metabolic Englaciation         Hexes/Ice                    5
   f - Yara's Violent Unravelling     Hexes/Transmutation          5
 S - the Volume of the Voyage
   (You found it in a labyrinth)

   Spells                             Type                      Level
   a - Blink                          Translocation                2
   b - Gell's Gravitas                Translocation                3
   c - Teleport Other                 Translocation                3
   d - Force Lance                    Conjuration/Translocation    4
   e - Passage of Golubria            Translocation                4
   f - Controlled Blink               Translocation                8
 T - the Guide on the Mountains
   (You found it in a labyrinth)

   Spells                             Type                      Level
   a - Petrify                        Transmutation/Earth          4
   b - Bolt of Magma                  Conjuration/Fire/Earth       5
   c - Statue Form                    Transmutation/Earth          6
 U - the Tome of the Ghastly Rocks
   (You found it in a labyrinth)

   Spells                             Type                      Level
   a - Leda's Liquefaction            Hexes/Earth                  4
   b - Petrify                        Transmutation/Earth          4
   c - Agony                          Necromancy                   5
   d - Cigotuvi's Embrace             Necromancy                   5
   e - Statue Form                    Transmutation/Earth          6
Miscellaneous
 I - a lightning rod (2/4)
Comestibles
 f - 5 meat rations
 h - 19 chunks of flesh
 F - 2 royal jellies


   Skills:
 - Level 9.3 Fighting
 + Level 12.6 Maces & Flails
 - Level 0.8 Throwing
 - Level 0.8 Armour
 - Level 2.1 Dodging
 - Level 6.2 Unarmed Combat
 - Level 1.7 Spellcasting
 - Level 3.6 Translocations
 - Level 1.3 Evocations


You had 5 spell levels left.
You knew the following spells:

 Your Spells              Type           Power        Failure   Level  Hunger
a - Blink                 Tloc           N/A          4%          2    ###....
b - Shroud of Golubria    Chrm/Tloc      #.........   9%          2    ###....
c - Passage of Golubria   Tloc           N/A          26%         4    #####..


Dungeon Overview and Level Annotations

Branches:
Dungeon (12/15)            Temple (1/1) D:6            Lair (0/6) D:10
    Orc (0/2) D:9

Altars:
Ashenzari
Cheibriados
Dithmenos
Elyvilon
Fedhas
Gozag
Hepliaklqana
Kikubaaqudgha
Makhleb
Nemelex Xobeh
Okawaru
Qazlal
Ru
Sif Muna
Trog
Uskayaw
Vehumet
Wu Jian
Xom
Yredelemnul
Zin
The Shining One

Shops:
D:6 }   D:12 *

Annotations:
D:4 syranez's ghost, amateur HOMo
D:6 Eustachio
D:11 cirnu's ghost, novice FoFi
D:12 Urug


Innate Abilities, Weirdness & Mutations

Your body is rotting away.
You thrive on raw meat.
You are immune to poison.
You have sharp fingernails.
You are carnivorous and can eat meat at any time.
Your flesh is cold resistant. (rC+)
You are immune to negative energy. (rN+++)
You do not regenerate when monsters are visible.
You are immune to unholy pain and torment.
You can survive without breathing.


Message History

Urug hits you with an eveningstar of flaming!!
Urug burns you.
You closely miss the shadow imp.
The shadow imp is almost dead.
Your shroud begins to fray at the edges.
The shadow imp barely misses you.
Urug hits you with an eveningstar of flaming!!
* * * LOW HITPOINT WARNING * * *
Urug burns you.
* * * LOW HITPOINT WARNING * * *
You hit the shadow imp. You burn the shadow imp.
The shadow imp explodes!
The fiery explosion engulfs Urug.
Urug is heavily wounded.
The fiery explosion engulfs you! You resist.
* * * LOW HITPOINT WARNING * * *
You hear a croak.
Urug is engulfed in blazing flames.
Urug hits you with an eveningstar of flaming!!
You die...

, * , *
###.......# , ,
...<.....# , , ,,
........#
*#.......# .*
#.......##.. ,,
#..§§§...... , *
#..o§....... ,
#..§@§...... , ,
#>..........* , ,
, #...........#
#...##......#.. *
, #...##.........
, #...##........
, , #...##......#
, ,
.####.8.8.8.....#
.......⌠.⌠......#


You could see Urug.

Vanquished Creatures
  Erica (D:8)
  Pikel (D:5)
  A cyclops (D:11)
  A centaur zombie (D:11)
  An ugly thing (D:11)
  Joseph (D:7)
  A kobold demonologist (D:11)
  5 trolls
  Grinder (D:5)
  2 hippogriffs (D:11)
  2 redbacks (Lab)
  A vampire (D:11)
  A fire bat (D:10)
  2 hungry ghosts (D:8)
  Edmund (D:6)
  Menkaure (D:6)
  Duvessa (D:5)
  2 ice beasts
  2 slaves (D:5)
  3 black bears
  5 orc warriors
  A phantom (D:6)
  An ogre (D:9)
  6 centaurs
  A crocodile (D:11)
  3 bullfrogs
  Dowan (D:5)
  3 scorpions
  6 killer bees (D:9)
  5 wights (D:6)
  2 howler monkeys (D:7)
  2 crimson imps
  3 quasits
  An orc priest (D:5)
  A centaur skeleton (D:7)
  2 jellies
  3 hounds
  Ijyb (D:3)
  7 worker ants
  2 iguanas
  5 orc wizards
  2 hound skeletons
  8 mummies (Ossuary)
  4 gnolls (D:9)
  10 adders
  A howler monkey skeleton (D:7)
  A shadow imp (D:12)
  An adder zombie (D:6)
  3 adder skeletons
  2 worms
  A dart slug (D:5)
  8 leopard geckos
  34 orcs
  6 giant cockroaches
  2 gnoll zombies (Ossuary)
  9 goblins
  7 hobgoblins
  6 jackals
  5 kobolds
  2 quokkas
  A ball python (D:2)
  7 bats
  2 frilled lizards
  2 hobgoblin zombies (Ossuary)
  A kobold zombie (Ossuary)
  3 orc zombies (Ossuary)
  5 rats
225 creatures vanquished.

Notes
Turn   | Place    | Note
-------+----------+-------------------------------------------
     0 | D:1      | Lavandula the Ghoul Warper began the quest for the Orb.
     0 | D:1      | Reached XP level 1. HP: 17/17 MP: 2/2
    97 | D:1      | Reached XP level 2. HP: 12/24 MP: 3/3
   185 | D:2      | Learned a level 2 spell: Blink
   188 | D:2      | Learned a level 2 spell: Shroud of Golubria
   206 | D:2      | Reached XP level 3. HP: 22/29 MP: 1/4
   430 | D:2      | Reached XP level 4. HP: 33/36 MP: 5/5
   615 | D:3      | Reached skill level 5 in Unarmed Combat
   626 | D:3      | Noticed Ijyb
   655 | D:3      | Killed Ijyb
   655 | D:3      | Reached XP level 5. HP: 32/45 MP: 3/6
   744 | D:3      | Reached skill level 1 in Evocations
  1139 | D:4      | Reached XP level 6. HP: 47/52 MP: 7/7
  1278 | D:4      | Noticed syranez's ghost (amateur HOMo)
  1299 | D:3      | Reached skill level 5 in Fighting
  1398 | D:4      | Noticed a phantom
  1454 | D:5      | Entered Level 5 of the Dungeon
  1492 | D:5      | Noticed Duvessa
  1494 | D:5      | Noticed Dowan
  1508 | D:5      | Killed Duvessa
  1524 | D:5      | Reached XP level 7. HP: 59/61 MP: 1/8
  1535 | D:5      | Killed Dowan
  1804 | D:5      | Noticed Pikel
  1825 | D:5      | Killed Pikel
  1825 | D:5      | Reached XP level 8. HP: 58/73 MP: 9/9
  1844 | D:5      | Found a sand-covered staircase.
  1853 | Ossuary  | Entered an ossuary
  1898 | Ossuary  | Reached skill level 1 in Maces & Flails
  2635 | D:5      | Noticed Grinder
  2650 | D:5      | Killed Grinder
  2650 | D:5      | Reached skill level 3 in Maces & Flails
  2667 | D:5      | Reached skill level 4 in Maces & Flails
  3042 | D:6      | Reached skill level 5 in Maces & Flails
  3078 | D:6      | Reached XP level 9. HP: 71/79 MP: 1/10
  3111 | D:6      | Reached skill level 6 in Maces & Flails
  3145 | D:6      | Noticed Edmund
  3158 | D:6      | Killed Edmund
  3267 | D:6      | Noticed Menkaure
  3635 | D:6      | Killed Menkaure
  3651 | D:6      | Found a glowing drain.
  3686 | D:6      | Found Sogul's Gadget Shoppe.
  3698 | D:6      | Bought a lightning rod (4/4) for 480 gold pieces
  3729 | D:6      | Found a staircase to the Ecumenical Temple.
  3729 | D:6      | Noticed Eustachio
  3748 | Temple   | Entered the Ecumenical Temple
  3778 | Temple   | Became a worshipper of Ashenzari the Shackled
  3930 | D:7      | Noticed Joseph
  3954 | D:7      | Learned a level 4 spell: Passage of Golubria
  4081 | D:7      | Killed Joseph
  4081 | D:7      | Reached skill level 7 in Maces & Flails
  4155 | D:7      | Reached skill level 8 in Maces & Flails
  4155 | D:7      | Reached XP level 10. HP: 79/91 MP: 11/11
  4573 | D:8      | Noticed Erica
  4600 | D:8      | Killed Erica
  4600 | D:8      | Reached skill level 9 in Maces & Flails
  4745 | D:8      | Reached * piety under Ashenzari
  4911 | D:9      | Reached skill level 10 in Maces & Flails
  4951 | D:9      | Found a staircase to the Orcish Mines.
  5068 | D:9      | Found a sacrificial altar of Ru.
  5204 | D:10     | Entered Level 10 of the Dungeon
  5229 | D:10     | Noticed a fire dragon
  5300 | D:10     | Reached skill level 11 in Maces & Flails
  5336 | D:11     | Noticed a kobold demonologist
  5349 | D:11     | Noticed an orange demon
  5350 | D:11     | Killed a kobold demonologist
  5350 | D:11     | Reached XP level 11. HP: 91/97 MP: 12/12
  5361 | D:11     | Noticed a cyclops
  5375 | D:11     | Killed a cyclops
  5422 | D:11     | Noticed cirnu's ghost (novice FoFi)
  5463 | D:11     | Found a labyrinth entrance.
  5469 | Lab      | Entered a labyrinth
  6054 | Lab      | Noticed a minotaur
  6084 | Lab      | Reached skill level 12 in Maces & Flails
  6131 | Lab      | Identified the Volume of the Voyage
  6134 | Lab      | Identified the Guide on the Mountains
  6137 | Lab      | Identified the Tome of the Ghastly Rocks
  6352 | D:11     | Noticed a purple ugly thing
  6373 | D:11     | Killed a purple ugly thing
  6537 | D:12     | Found Veak's General Store.
  6537 | D:12     | Reached ** piety under Ashenzari
  6545 | D:12     | Bought a scroll of remove curse for 51 gold pieces
  6555 | D:12     | Noticed Urug
  6565 | D:12     | Slain by Urug

Vault maps used:
D:1:      elethiomel_arrival_maze
D:3:      first_bread, uniq_ijyb
D:4:      grunt_ministairs_2, nrook_mini_backslash, st_stairs_3
D:5:      nicolae_ossuary_entry_ruins, uniq_duvessa, uniq_pikel, uniq_grinder
D:6:      minmay_temple_entry_butterflies, serial_shops, shop,
          gup_sewer_entry_pipe, hangedman_decor_growths, uniq_edmund,
          uniq_menkaure, uniq_eustachio
D:7:      uniq_joseph
D:8:      uniq_erica, uniq_grum
D:9:      nicolae_ru_great_annihilating_truth, orc_0_dummy
D:10:     minmay_firetagon, david_lair_shrubbed
D:11:     serial_shops, nicolae_shop_crystal, lab_entry_generic
D:12:     basic_altar, serial_shops,
          nicolae_shop_temple_entry_statues_fountains, uniq_fannar, uniq_rupert,
          uniq_gastronok, uniq_urug
Temple:   nicolae_temple_the_god_donut
Lab:      nicolae_lab_dead_adventurers, labyrinth_fake_exit, nicolae_lab_x
Ossuary:  ossuary_tomb_3

Skill      XL: |  1  2  3  4  5  6  7  8  9 10 11 |
---------------+----------------------------------+-----
Unarmed Combat | 3 4 5 6 |  6.2
Fighting       | 3 4 5 7 9 |  9.3
Evocations     | 1 |  1.3
Dodging        | 2 |  2.1
Translocations | 3 |  3.6
Maces & Flails | 5 8 11 12 | 12.6
Throwing       | |  0.8
Armour         | |  0.8
Spellcasting   | |  1.7

Action                   |  1- 3 |  4- 6 |  7- 9 | 10-12 || total
-------------------------+-------+-------+-------+-------++-------
Melee: Unarmed           |    94 |   235 |   142 |       ||   471
       Punch             |       |     3 |     7 |    11 ||    21
       Whip              |       |       |   245 |   364 ||   609
       Great mace        |       |       |       |     6 ||     6
Throw: Tomahawk          |       |     2 |     5 |       ||     7
 Cast: Shroud of Golubri |     3 |     9 |    23 |    28 ||    63
       Blink             |       |     1 |       |     1 ||     2
Invok: Curse Item        |       |       |       |     2 ||     2
Evoke: Wand              |       |       |     4 |       ||     4
       Lightning rod     |       |       |       |     4 ||     4
  Use: Scroll            |       |     3 |    13 |     6 ||    22
       Potion            |       |       |     4 |     6 ||    10
 Stab: Distracted        |       |       |     1 |       ||     1
       Paralysed         |       |       |       |     1 ||     1
  Eat: Chunk             |     7 |    27 |    39 |    42 ||   115
Armor: Leather armour    |    20 |       |       |       ||    20
       Ring mail         |     8 |    69 |    60 |       ||   137
       Robe              |       |       |    27 |   109 ||   136
Dodge: Dodged            |    54 |   127 |   173 |   152 ||   506

Table legend:
 A = Spawn XP
 B = Non-spawn XP
 C = Spawn XP percentage of total XP
 D = Spawn monster count
 E = Non-spawn monster count
 F = Spawn count percentage of total count
 G = Total turns spent on level
                    A         B        C        D         E        F      G
               +---------+---------+-------+---------+---------+-------+---------
         Total |       0 |   13395 |   0.0 |       0 |     223 |   0.0 |  6565
               +---------+---------+-------+---------+---------+-------+---------
           D:1 |       0 |      20 |   0.0 |       0 |      12 |   0.0 |   168
           D:2 |       0 |      87 |   0.0 |       0 |      16 |   0.0 |   399
           D:3 |       0 |     228 |   0.0 |       0 |      30 |   0.0 |   530
           D:4 |       0 |     137 |   0.0 |       0 |       8 |   0.0 |   357
           D:5 |       0 |    1522 |   0.0 |       0 |      21 |   0.0 |  1173
           D:6 |       0 |    1368 |   0.0 |       0 |      25 |   0.0 |   478
           D:7 |       0 |    1173 |   0.0 |       0 |      19 |   0.0 |   612
           D:8 |       0 |    1688 |   0.0 |       0 |      17 |   0.0 |   352
           D:9 |       0 |    1766 |   0.0 |       0 |      26 |   0.0 |   399
          D:10 |       0 |     601 |   0.0 |       0 |       5 |   0.0 |   119
          D:11 |       0 |    4044 |   0.0 |       0 |      24 |   0.0 |   542
          D:12 |       0 |     140 |   0.0 |       0 |       2 |   0.0 |    28
           Lab |       0 |     467 |   0.0 |       0 |       2 |   0.0 |   672
       Ossuary |       0 |     154 |   0.0 |       0 |      16 |   0.0 |   682
               +---------+---------+-------+---------+---------+-------+---------
